 Dungeon Crawl Stone Soup version 0.16.1-4-g8e1b745 (console) character file.

141 gw the Ducker (level 5, -1/30 HPs)
             Began as a Deep Elf Artificer on Mar 28, 2015.
             Slain by a goblin (3 damage)
             ... led by Robin
             ... on level 3 of the Dungeon.
             The game lasted 00:01:00 (1195 turns).

gw the Ducker (Deep Elf Artificer)                  Turns: 1195, Time: 00:01:00

Health: -1/30      AC:  3    Str:  8    XL:     5   Next: 3%
Magic:  12/12      EV: 13    Int: 17    God:
Gold:   24         SH:  0    Dex: 16    Spells: 0 memorised, 4 levels left

rFire  . . .     SeeInvis .     a - +0 short sword
rCold  . . .     Clarity  .     e - +0 leather armour
rNeg   . . .     SustAb   .     (no shield)
rPois  .         Gourm    .     (no helmet)
rElec  .         Spirit   .     (no cloak)
rCorr  .         Warding  .     (no gloves)
rMut   +         Stasis   .     (no boots)
MR     .....                    g - amulet of resist mutation
Stlth  ++........               (no ring)
                                (no ring)

@: not resistant to hostile enchantments, unstealthy
A: no striking features
a: no special abilities


You were on level 3 of the Dungeon.
You were not hungry.

You visited 1 branch of the dungeon, and saw 3 of its levels.

You collected 24 gold pieces.

Inventory:

Hand weapons
 a - a +0 short sword (weapon)
Armour
 e - a +0 leather armour (worn)
Jewellery
 g - an amulet of resist mutation (around neck)
Magical devices
 b - a wand of flame (12)
 c - a wand of enslavement (14)
 d - a wand of random effects (10)
Scrolls
 h - a scroll of immolation {unknown}
Potions
 i - a potion of haste {unknown}
 j - a potion of heal wounds {unknown}
 k - a potion of agility {unknown}
Comestibles
 f - a bread ration
 l - a royal jelly


   Skills:
 + Level 1.9 Fighting
 * Level 3.4 Short Blades
 + Level 3.9 Dodging
 - Level 1.2 Stealth
 - Level 3.2 Evocations


You had 4 spell levels left.
You didn't know any spells.

Dungeon Overview and Level Annotations

Branches:
Dungeon (3/15)

Altars:

Annotations:
D:3 Robin


Message History

Unknown command.
Unknown command.
Unknown command.
ATTACKING (-1,0)
You completely miss the goblin. The goblin hits you.
The goblin hits you but does no damage.
Unknown command.
Unknown command.
Unknown command.
Unknown command.
ATTACKING (-1,0)
You completely miss the goblin. The goblin hits you.
The goblin hits you but does no damage.
Unknown command.
Unknown command.
Unknown command.
Unknown command.
ATTACKING (-1,0)
You miss the goblin. The goblin hits you.
You die...

#.##.### #.
#.######.#
#.##.........
#..(...%.....
#...########
#.#.## #.###
#....#
....ggg###..#####
#..ggggeg%.....#
...#######..###.#
#..# #<.# #..#
#... #####


You could see a hobgoblin and 7 goblins.

Table legend:
 A = Turns spent in this place as a percentage of turns spent in the entire game.
 B = Non-inter-level travel turns spent in this place as a percentage of non-inter-level travel turns spent in the entire game.
 C = Inter-level travel turns spent in this place as a percentage of turns spent in this place.
 D = Turns resting spent in this place as a percentage of non-inter-level travel turns spent in this place.
 E = Turns spent auto-exploring this place as a percentage of non-inter-level travel turns spent in this place.
 F = Non-inter-level travel turns spent in this place divided by the number of levels of this place that you've seen.
                   A       B       C       D       E      F
               +-------+-------+-------+-------+-------+----------------------
         Total | 100.0 | 100.0 |   1.8 |   1.9 |   1.5 | 446.7
       Dungeon | 100.0 | 100.0 |   1.8 |   1.9 |   1.5 | 446.7
               +-------+-------+-------+-------+-------+----------------------

Table legend:
 A = Kills in this place as a percentage of kills in entire the game.
 B = Kills by you in this place as a percentage of kills by you in the entire game.
 C = Kills by friends in this place as a percentage of kills by friends in the entire game.
 D = Other kills in this place as a percentage of other kills in the entire game.
 E = Experience gained in this place as a percentage of experience gained in the entire game.
 F = Experience gained in this place divided by the number of levels of this place that you have seen.
                   A       B       C       D       E      F
               +-------+-------+-------+-------+-------+----------------------
         Total | 100.0 | 100.0 | 100.0 |  -nan | 100.0 |  67.3
       Dungeon | 100.0 | 100.0 | 100.0 |  -nan | 100.0 |  67.3
               +-------+-------+-------+-------+-------+----------------------

Vanquished Creatures
  A golden eye (D:2)
  An adder (D:2)
  A worm (D:3)
  A bat (D:2)
  2 giant cockroaches (D:1)
  3 hobgoblins
  A giant newt (D:1)
  4 goblins
  4 rats (D:1)
18 creatures vanquished.

Vanquished Creatures (collateral kills)
  A worm (D:2)
  A kobold (D:2)
2 creatures vanquished.

Grand Total: 20 creatures vanquished

Notes
Turn   | Place    | Note
--------------------------------------------------------------
     0 | D:1      | gw, the Deep Elf Artificer, began the quest for the Orb.
     0 | D:1      | Reached XP level 1. HP: 11/11 MP: 2/2
   358 | D:1      | Reached XP level 2. HP: 2/16 MP: 5/5
   673 | D:1      | Reached skill level 1 in Fighting
   818 | D:2      | Noticed a golden eye
   818 | D:2      | a worm changed into a golden eye
   819 | D:2      | Killed a golden eye
   819 | D:2      | Reached XP level 3. HP: 14/21 MP: 7/7
   819 | D:2      | Reached XP level 4. HP: 17/26 MP: 10/10
  1058 | D:3      | Reached XP level 5. HP: 19/30 MP: 12/12
  1172 | D:3      | Noticed Robin
  1194 | D:3      | HP: 1/30 [goblin[Robin] (1)]
  1195 | D:3      | Slain by a goblin

Action                   |  1- 3 |  4- 6 || total
-------------------------+-------+-------++-------
Melee: Short sword       |    32 |    50 ||    82
Evoke: Wand              |     8 |     1 ||     9
 Stab: Sleeping          |     1 |       ||     1
  Eat: Chunk             |       |     1 ||     1

Vault maps used:
D:1:      wheals_arrival_shading
D:2:      first_bread
D:3:      lemuel_castle_with_subvaults, cheibriados_altar_1,
          nicolae_overflow_hidden_temple, uniq_robin, uniq_jessica, uniq_grinder
